Construct Section Command Post
Selects Air and Sea Battlegroup
Selects Air and Sea Battlegroup
Construct Platoon Command Post
Selects Commando Section Paradrop
Commando Section Paradrop
Selects Commando Support Section Paradrop
Unlock M3 Stuart Light Tanks
Commando Support Section Paradrop
6-pounder Anti-tank Gun Team
Construct Company Command Post
Selects Incendiary Bombing Run
Commando Section Paradrop
Selects Naval Bombardment